 Dungeon Crawl Stone Soup version 0.30-a0-778-g2ef04afb54 (webtiles) character file.

Game seed: 12597792951787964865

2 Esekla the Sneak (level 1, -3/16 HPs)
             Began as an Octopode Delver on Feb 15, 2023.
             Slain by an orc
             ... wielding a +4 flail
              (12 damage)
             ... on level 5 of the Dungeon.
             The game lasted 00:01:03 (56 turns).

Esekla the Sneak (Octopode Delver)                    Turns: 56, Time: 00:01:04

Health: -3/16      AC:  1    Str: 11    XL:     1   Next: 30%
Magic:  1/1        EV: 13    Int: 12    God:
Gold:   8          SH:  0    Dex: 13    Spells: 0/0 levels left

rFire   . . .      SeeInvis .    a - +0 falchion
rCold   . . .      Faith    .    (no shield)
rNeg    . . .      Spirit   .    (helmet restricted)
rPois   .          Reflect  .    (no amulet)
rElec   .          Harm     .    (no ring)
rCorr   .          Rampage  .    (no ring)
Will    .....                    (no ring)
Stlth   ++++                     (no ring)
HPRegen 0.22/turn                (no ring)
MPRegen 0.07/turn                (no ring)
                                 (no ring)
                                 (no ring)

@: no status effects
A: almost no armour, amphibious, 8 rings, camouflage 1, gelatinous body 1,
(nimble swimmer 1), tentacles
a: no special abilities


You were on level 5 of the Dungeon.
You visited 1 branch of the dungeon, and saw 1 of its levels.

You collected 8 gold pieces.

Inventory:

Hand Weapons
 a - a +0 falchion (weapon)
Wands
 f - a wand of digging (3)
Scrolls
 b - a scroll of fog
 c - a scroll of torment {unknown}
 d - a scroll of fear
 g - a scroll of brand weapon {unknown}
Potions
 e - a potion of haste


   Skills:
 * Level 3.0 Fighting
 * Level 2.0 Long Blades
 * Level 2.0 Dodging
 + Level 6.6 Stealth


You couldn't memorise any spells.
You didn't know any spells.
Your spell library was empty.

Dungeon Overview and Level Annotations

Branches:
Dungeon (5/15)
 Temple: D:4-7

Altars:

Shops:
D:5 *


Innate Abilities, Weirdness & Mutations

You cannot wear most types of armour.
You are amphibious.
You can wear up to eight rings at the same time.
Your skin changes colour to match your surroundings (Stealth+).
Your rubbery body absorbs attacks. (AC +1, EV +1)
((You are camouflaged when in or above water. (Stealth+)))
You have tentacles for arms and can constrict up to eight enemies at once.


Message History

c - a scroll labelled OTWA WUAZXEKH
g - a scroll labelled GIASICE DAU An orc priest comes into view.
It is wielding a +0 hand axe.
Found a throwing net. 2 orcs come into view.
An orc comes into view. It is wielding a +4 flail.
Found 4 gold pieces.
Found Neittig's Neck Hole.
The orc shouts! x2; You hear a shout!
You hear a bark! x2
An orc comes into view. It is wielding a +0 club.
The orc throws a boomerang.
The boomerang closely misses you.
The orc shouts!
A jackal comes into view.
An orc wizard comes into view. It is wielding a +0 dagger.
The orc throws a boomerang.
The boomerang barely misses you. The orc barely misses you.
The orc attacks as you move away! The orc hits you with a +0 hand axe.
The orc attacks as you move away! The orc barely misses you.
The orc attacks as you move away! The orc barely misses you.
Found 10 gold pieces.
Found a stone staircase leading up.
There is an entrance to Neittig's Neck Hole here.
You can access your shopping list by pressing '$'.
You closely miss the orc. Your grab misses the orc. You squeeze the orc.
The orc is moderately wounded.
The orc barely misses you.
You closely miss the orc. You grab the orc.
The orc is moderately wounded.
You constrict the orc. The orc barely misses you.
You hit the orc.
The orc is heavily wounded.
You constrict the orc, but do no damage.
The orc hits you with a +0 hand axe.
You slash the orc!
You kill the orc!
The jackal bites you.
You hit the jackal but do no damage. Your grab misses the jackal.
You squeeze the jackal.
You kill the jackal!
The orc hits you with a +4 flail!
Ouch! That really hurt!
You die...

.....*#..#..#
,,..,...o#..###
,*,,.##..#....####
,,..,..o.oo....$.###
,,.,,.o(.....#.....#
,,,,..o#..##.#.....#
,,,,......,.#.#oo.##
,,,*#.#.###.####o#.#
,,,,,*##**.h,,,#@#*#
,,,,,,***#..*,*#.#*
,,,,,,,*,#.**,*...**
,,,,,,,,,,,,**.....*
*,,*,,,,,,*,,#.....#
,,**,,,,,,*,*#...#.#
,,***,,,,,*,,......#**
,,***,*,,,*,....<.$.,*
,,*<*,***,,,,,,,,,,,**


You could see 3 orcs.

Vanquished Creatures
  An orc (D:5)
  A jackal (D:5)
2 creatures vanquished.

Notes
Turn   | Place    | Note
-------+----------+-------------------------------------------
     0 | D:5      | Esekla the Octopode Delver began the quest for the Orb.
     0 | D:5      | Reached XP level 1. HP: 16/16 MP: 1/1
    11 | D:5      | Noticed a jelly
    37 | D:5      | Noticed an orc priest
    44 | D:5      | Found Neittig's Neck Hole.
    45 | D:5      | Noticed an orc wizard
    56 | D:5      | Slain by an orc

Illustrated notes

Levels and vault maps discovered:
D:5:      layout_cave_pools, general_overflow_altar,
          nicolae_shop_sticking_my_neck_out

Action                     || total
---------------------------++-------
  Melee: Falchion          ||     5
         Tentacles         ||     2
         Constrict         ||     1
    Use: Scroll            ||     1
  Dodge: Dodged            ||     7

Table legend: (Time is in decaauts)
 A = Elapsed time spent in this place.
 B = Non-inter-level travel time spent in this place.
 C = Inter-level travel time spent in this place.
 D = Time resting spent in this place.
 E = Time spent auto-exploring this place.
 F = Levels seen in this place.
 G = Mean time per level.
                   A        B        C        D        E       F      G
               +--------+--------+--------+--------+--------+-----+--------+
         Total |     56 |     56 |      0 |      0 |      0 |   1 |   56.0 |
       Dungeon |     56 |     56 |      0 |      0 |      0 |   1 |   56.0 |
               +--------+--------+--------+--------+--------+-----+--------+

Top non-repeatable levels by time:
     D:5: 56 daAuts
